 Dungeon Crawl Stone Soup version 0.30-a0-1035-g38d5fb2972 (webtiles) character file.

Game seed: 16549779929524112771

2 DeathPants the Stinger (level 1, -2/14 HPs)
             Began as a Ghoul Venom Mage on Apr 8, 2023.
             Slain by a goblin
             ... wielding a +0 club
              (4 damage)
             ... on level 1 of the Dungeon.
             The game lasted 00:00:45 (117 turns).

DeathPants the Stinger (Ghoul Venom Mage)            Turns: 117, Time: 00:00:46

Health: -2/14      AC:  2    Str: 11    XL:     1   Next: 40%
Magic:  2/2        EV: 12    Int: 10    God:
Gold:   0          SH:  0    Dex:  9    Spells: 2/3 levels left

rFire   . . .      SeeInvis .    (no weapon)
rCold   + . .      Faith    .    (no shield)
rNeg    + + +      Spirit   .    a - +0 robe
rPois   ∞          Reflect  .    (no helmet)
rElec   .          Rampage  .    (no cloak)
rCorr   .                        (no gloves)
Will    .....                    (no boots)
Stlth   ++                       (no amulet)
HPRegen 0.00/turn                (no ring)
MPRegen 0.08/turn                (no ring)

@: inhibited regen
A: claws 1, cold resistance 1, negative energy resistance 3, inhibited
regeneration, torment resistance 2, devour on kill
a: no special abilities


You were on level 1 of the Dungeon.
You visited 1 branch of the dungeon, and saw 1 of its levels.

Inventory:

Armour
 a - a +0 robe (worn)
Potions
 c - a potion of flight {unknown}


   Skills:
 - Level 1.7 Dodging
 - Level 2.1 Stealth
 + Level 1.9 Spellcasting
 - Level 0.8 Transmutations
 + Level 3.1 Poison Magic


You had 2 spell levels left.
You knew the following spells:

 Your Spells              Type           Power      Damage    Failure   Level
a - Sting                 Tmut/Pois      16%        1d3       14%         1

Your spell library contained the following spells:

 Spells                   Type           Power      Damage    Failure   Level
 Poisonous Vapours        Pois/Air       8%         N/A       26%         2
 Mephitic Cloud           Conj/Pois/Air  3%         N/A       52%         3
 Olgreb's Toxic Radiance  Pois           7%         N/A       65%         4


Dungeon Overview and Level Annotations

Branches:
Dungeon (1/15)

Altars:


Innate Abilities, Weirdness & Mutations

You are immune to poison.
You have sharp fingernails.
Your flesh is cold resistant. (rC+)
You are immune to negative energy. (rN+++)
You do not regenerate when monsters are visible.
You are immune to unholy pain and torment.
You thrive by killing the living.


Message History

The endoplasm attacks as you move away! The endoplasm misses you.
The bat attacks as you move away! The bat hits you but does no damage.
The bat misses you. The bat closely misses you.
You closely miss the bat. The bat completely misses you.
The bat barely misses you. The endoplasm freezes you.
You are frozen.
You resist. The endoplasm attacks as you move away!
The endoplasm hits you but does no damage.
The bat closely misses you.
Aiming: Sting (safe; 14% risk of failure)
Press: ? - help, Q - select action Shift-Dir - straight line, f - endoplasm
Aim: an endoplasm (97% to hit)
The sting hits the endoplasm.
The endoplasm is poisoned.
The endoplasm is lightly wounded.
The bat barely misses you. x2
The endoplasm freezes you.
You are frozen.
You resist.
You scratch the endoplasm.
You kill the endoplasm!
You feel better. The bat hits you but does no damage.
Aiming: Sting (safe; 14% risk of failure)
Press: ? - help, Q - select action Shift-Dir - straight line, f - hobgoblin
Aim: a hobgoblin (64% to hit)
The sting hits the hobgoblin.
The hobgoblin is poisoned.
The hobgoblin is heavily wounded.
The rat barely misses you. The hobgoblin hits you.
You don't have enough magic to cast this spell.
You closely miss the hobgoblin.
The hobgoblin is almost dead.
The rat misses you. The hobgoblin hits you.
* * * LOW HITPOINT WARNING * * *
You barely miss the hobgoblin.
The hobgoblin is almost dead.
You kill the hobgoblin!
The bat hits you but does no damage. The rat misses you.
You don't have enough magic to cast this spell.
Magic courses through your body. The goblin hits you with a +0 club.
You die...

#.###.......# ##.## # #.
#.......# ##...## #.#.
##.......# ##.....##
##.#.#+##........# #8..>..8#
#.......#........# #.......#
#.......+........# #8.....8#
#.......####.#.########'#+#'###
#............gr#...............
#............#@#...............
#.......##...###'###..##...##..
#.......##...##..# #..##...##..
#........######.##♣#...........
#.....##.# #..#♣#...........
#.....##.#### ##.#♣#...........
#.....##....# #.#♣#...........
#.#########.# #.#♣#...........
#.. #.####.#♣#..##...##..


You could see a goblin and a rat.

Vanquished Creatures
  An endoplasm (D:1)
  A hobgoblin (D:1)
2 creatures vanquished.

Notes
Turn   | Place    | Note
-------+----------+-------------------------------------------
     0 | D:1      | DeathPants the Ghoul Venom Mage began the quest for the
                  | Orb.
     0 | D:1      | Reached XP level 1. HP: 14/14 MP: 2/2
   117 | D:1      | Slain by a goblin

Illustrated notes

Levels and vault maps discovered:
D:1:      beargit_arrival_diablo_church, layout_basic,
          minmay_misc_feat_nine_boxes, minmay_misc_feat_x

Action                     || total
---------------------------++-------
  Melee: Unarmed           ||     4
   Cast: Sting             ||     2
    Use: Potion            ||     1
 Armour: Robe              ||     5
  Dodge: Dodged            ||    12

Table legend: (Time is in decaauts)
 A = Elapsed time spent in this place.
 B = Non-inter-level travel time spent in this place.
 C = Inter-level travel time spent in this place.
 D = Time resting spent in this place.
 E = Time spent auto-exploring this place.
 F = Levels seen in this place.
 G = Mean time per level.
                   A        B        C        D        E       F      G
               +--------+--------+--------+--------+--------+-----+--------+
         Total |    117 |    117 |      0 |      0 |     90 |   1 |  117.0 |
       Dungeon |    117 |    117 |      0 |      0 |     90 |   1 |  117.0 |
               +--------+--------+--------+--------+--------+-----+--------+

Top non-repeatable levels by time:
     D:1: 117 daAuts
